 Dungeon Crawl Stone Soup version 0.31-a0-240-gb923e448b6 (webtiles) character file.

Game seed: 2699419309433521401

1682405 Solaire439 the Conqueror (level 25, 282/282 HPs)
             Began as a Minotaur Fighter on July 12, 2023.
             Was a High Priest of Okawaru.
             Escaped with the Orb
             ... and 3 runes!
             The game lasted 06:27:04 (66455 turns).

Solaire439 the Conqueror (Minotaur Fighter)        Turns: 66455, Time: 06:27:04

Health: 282/282    AC: 41    Str: 31    XL:     25   Next: 78%
Magic:  33/33      EV:  9    Int: 10    God:    Okawaru [*****.]
Gold:   2265       SH: 34    Dex: 12    Spells: 24/24 levels left

rFire   + + .        H - +7 broad axe (spect)
rCold   + . .        Q - +10 tower shield "Xeosamiv" {Will+ SInv}
rNeg    + . .        Y - +13 plate armour of the Orange Skies {+Inv rC+}
rPois   +            (helmet unavailable)
rElec   +            r - scarf {repulsion}
rCorr   +            l - +2 pair of gloves {hurl}
SInv    +            e - +0 pair of boots of Unaedino {rElec Int+5}
Will    ++++.        t - amulet of the Albatross {Spirit Fragile rF+ Will++ Regen+} Stlth
                     S - ring of resist corrosion
HPRegen 1.47/turn    D - ring "Ysmoemise" {rPois rF+ rN+ Dex+2 SInv}
MPRegen 0.23/turn

%: random rage (3%), repel missiles, guardian spirit
@: mildly poisoned (282 -> 281), wreathed by umbra
A: horns 3, retaliatory headbutt, berserk 1, dopey 1, robust 1, screaming 1,
inability to drink after injury 1
0: Orb of Zot
}: 3/15 runes: decaying, serpentine, slimy
a: Renounce Religion, Evoke Invisibility, Heroism, Finesse, Duel


You escaped.
You worshipped Okawaru.
Okawaru was extremely pleased with you.
You visited 11 branches of the dungeon, and saw 52 of its levels.
You also visited: Trove and Ice Cave.

You collected 6180 gold pieces.
You spent 3915 gold pieces at shops.

Inventory:

Hand Weapons
 H - a +7 spectral broad axe (weapon)
Missiles
 m - 18 javelins (quivered)
 p - 19 boomerangs
 C - 15 silver javelins
 W - 3 silver boomerangs
Armour
 c - the +6 plate armour of the Farmer {Fly rC++ MP+9 Str-5}
   (Okawaru gifted it to you on level 15 of the Dungeon)

   Str:       It affects your strength (-5).
   rC:        It greatly protects you from cold.
   MP:        It affects your magic capacity (+9).
   Fly:       It grants you flight.
 e - the +0 pair of boots of Unaedino (worn) {rElec Int+5}
   (You acquired it on level 1 of the Elven Halls)

   Int:       It affects your intelligence (+5).
   rElec:     It insulates you from electricity.
 l - a +2 pair of gloves of hurling (worn)
 r - a scarf of repulsion (worn)
 w - the +10 plate armour of Surprise {Str+2 Stlth+}
   (Okawaru gifted it to you on level 5 of the Lair of Beasts)

   Str:       It affects your strength (+2).
   Stlth:     It makes you more stealthy.
 K - the +0 cloak of the Game Afoot {Will+ Dex+4}
   (Okawaru gifted it to you on level 3 of the Depths)

   Dex:       It affects your dexterity (+4).
   Will:      It increases your willpower.
 Q - the +10 tower shield "Xeosamiv" (worn) {Will+ SInv}
   (Okawaru gifted it to you on level 4 of the Lair of Beasts)

   SInv:      It lets you see invisible.
   Will:      It increases your willpower.
 Y - the +13 plate armour of the Orange Skies (worn) {+Inv rC+}
   (You bought it in a shop on level 4 of the Vaults)

   rC:        It protects you from cold.
   +Inv:      It lets you turn invisible.
Jewellery
 b - the ring "Zoogg" {rElec Slay+4}
   (You found it on level 13 of the Dungeon)

   [ring of slaying]

   Slay:      It affects your accuracy & damage with ranged weapons and melee
   (+4).
   rElec:     It insulates you from electricity.
 t - the amulet of the Albatross (around neck) {Spirit Fragile rF+ Will++ Regen+}
   (You bought it in a shop on level 4 of the Dungeon)

   [amulet of guardian spirit]

   It causes incoming damage to be divided between your reserves of health and
   magic.
   rF:        It protects you from fire.
   Regen:     It increases your rate of health regeneration.
   Fragile:   It will be destroyed if unequipped.
   Will:      It greatly increases your willpower.
 D - the ring "Ysmoemise" (right hand) {rPois rF+ rN+ Dex+2 SInv}
   (You bought it in a shop on level 2 of the Orcish Mines)

   [ring of see invisible]

   Dex:       It affects your dexterity (+2).
   rF:        It protects you from fire.
   rPois:     It protects you from poison.
   rN:        It protects you from negative energy.
   SInv:      It lets you see invisible.
 L - the ring "Ekohi" {rN++ MP+9 Str+5 Int-3}
   (You found it in a treasure trove)

   [ring of magical power]

   Str:       It affects your strength (+5).
   Int:       It affects your intelligence (-3).
   rN:        It greatly protects you from negative energy.
   MP:        It affects your magic capacity (+9).
 S - a ring of resist corrosion (left hand)
 U - a ring of positive energy
 X - the amulet of Vasygoyt {Acrobat rElec rF+ Dex+3}
   (You found it in a treasure trove)

   [amulet of the acrobat]

   It increases your evasion while moving and waiting.
   Dex:       It affects your dexterity (+3).
   rF:        It protects you from fire.
   rElec:     It insulates you from electricity.
Wands
 k - a wand of acid (8)
 q - a wand of digging (35)
 u - a wand of mindburst (29)
 F - a wand of polymorph (22)
 J - a wand of roots (46)
 V - a wand of paralysis (50)
Scrolls
 a - 4 scrolls of fog
 s - a scroll of brand weapon
 v - 3 scrolls of blinking
 y - 2 scrolls of revelation
 B - 4 scrolls of fear
 I - 20 scrolls of identify
 M - 3 scrolls of immolation
 O - 12 scrolls of teleportation
 R - a scroll of silence
 T - 3 scrolls of poison
 Z - 3 scrolls of amnesia
Potions
 d - 3 potions of might
 f - 13 potions of curing
 g - 6 potions of haste
 h - 6 potions of heal wounds
 i - 14 potions of brilliance
 j - 6 potions of enlightenment
 n - 5 potions of lignification
 o - 9 potions of attraction
 x - 4 potions of cancellation
 A - 4 potions of invisibility
 G - 3 potions of ambrosia
 N - a potion of resistance


   Skills:
 O Level 27 Fighting
 - Level 18.0 Axes
 + Level 13.3 Throwing
 O Level 27 Armour
 O Level 27 Shields
 + Level 15.5 Invocations
 + Level 11.4 Evocations


You had 24 spell levels left.
You didn't know any spells.
Your spell library contained the following spells:

 Spells                   Type           Power      Damage    Failure   Level
 Freeze                   Ice            0%         1d3       69%         1
 Magic Dart               Conj           0%         1d3       69%         1
 Sting                    Tmut/Pois      0%         1d3       69%         1
 Blink                    Tloc           0%         N/A       83%         2
 Cigotuvi's Dreadful Rot  Necr/Pois/Air  0%         N/A       83%         2
 Lesser Beckoning         Tloc           0%         N/A       83%         2
 Momentum Strike          Conj/Tloc      0%         3d8       83%         2
 Poisonous Vapours        Pois/Air       0%         N/A       83%         2
 Scorch                   Fire           0%         2d5       83%         2
 Searing Ray              Conj           0%         2d4       83%         2
 Static Discharge         Conj/Air       0%         2-2/arc   83%         2
 Sublimation of Blood     Necr           0%         N/A       83%         2
 Wereblood                Tmut           0%         N/A       83%         2
 Dazzling Flash           Conj/Hex       0%         N/A       96%         3
 Frozen Ramparts          Ice            0%         1d1       96%         3
 Gell's Gravitas          Tloc           0%         N/A       96%         3
 Hailstorm                Conj/Ice       0%         3d3       96%         3
 Mephitic Cloud           Conj/Pois/Air  0%         N/A       96%         3
 Portal Projectile        Hex/Tloc       0%         N/A       96%         3
 Stone Arrow              Conj/Erth      0%         3d7       96%         3
 Teleport Other           Tloc           0%         N/A       96%         3
 Vhi's Electric Charge    Tloc/Air       0%         N/A       96%         3
 Volatile Blastmotes      Fire/Tloc      0%         2d10      96%         3
 Airstrike                Air            0%         2d(0-16)  100%        4
 Anguish                  Hex/Necr       0%         N/A       100%        4
 Cause Fear               Hex            0%         N/A       100%        4
 Dispel Undead            Necr           0%         3d6       100%        4
 Fulminant Prism          Conj/Hex       0%         3d5       100%        4
 Iskenderun's Mystic Bla  Conj/Tloc      0%         2d3       100%        4
 Leda's Liquefaction      Hex/Erth       0%         N/A       100%        4
 Manifold Assault         Tloc           0%         N/A       100%        4
 Olgreb's Toxic Radiance  Pois           0%         N/A       100%        4
 Passage of Golubria      Tloc           0%         N/A       100%        4
 Arcjolt                  Conj/Air       0%         1d10      100%        5
 Lee's Rapid Deconstruct  Erth           0%         3d4*      100%        5
 Silence                  Hex/Air        0%         N/A       100%        5
 Dispersal                Tloc           0%         N/A       100%        6
 Starburst                Conj/Fire      0%         6d3       100%        6
 Enfeeble                 Hex            0%         N/A       100%        7
 Ozocubu's Refrigeration  Ice            0%         4d7       100%        7
 Borgnjor's Revivificati  Necr           0%         N/A       100%        8
 Discord                  Hex            0%         N/A       100%        8
 Disjunction              Tloc           0%         N/A       100%        8
 Ignition                 Fire           0%         3d3       100%        8
 Lehudib's Crystal Spear  Conj/Erth      0%         10d2      100%        8
 Maxwell's Capacitive Co  Air            0%         ∞         100%        8
 Death's Door             Necr           0%         N/A       100%        9
 Summon Small Mammal      Summ           Unusable   N/A       N/A         1
 Call Imp                 Summ           Unusable   N/A       N/A         2
 Call Canine Familiar     Summ           Unusable   N/A       N/A         3
 Animate Armour           Summ/Erth      Unusable   N/A       N/A         4
 Summon Ice Beast         Ice/Summ       Unusable   N/A       N/A         4
 Summon Lightning Spire   Summ/Air       Unusable   N/A       N/A         4
 Summon Mana Viper        Hex/Summ       Unusable   N/A       N/A         5
 Death Channel            Necr           Unusable   N/A       N/A         6
 Simulacrum               Ice/Necr       Unusable   N/A       N/A         6
 Haunt                    Necr/Summ      Unusable   N/A       N/A         7
 Summon Hydra             Summ           Unusable   N/A       N/A         7
 Summon Horrible Things   Summ           Unusable   N/A       N/A         8

Dungeon Overview and Level Annotations

Branches:
Dungeon (15/15)            Temple (1/1) D:7            Lair (5/5) D:10
  Swamp (4/4) Lair:3        Snake (4/4) Lair:3        Slime (5/5) Lair:4
    Orc (2/2) D:10            Elf (3/3) Orc:2        Vaults (4/5) D:13
  Crypt (0/3) Vaults:3     Depths (4/4) D:15            Zot (5/5) Depths:4
  IceCv (visited)

Altars:
Ashenzari
Cheibriados
Dithmenos
Elyvilon
Fedhas
Gozag
Hepliaklqana
Kikubaaqudgha
Makhleb
Nemelex Xobeh
Okawaru
Qazlal
Ru
Sif Muna
Trog
Uskayaw
Vehumet
Wu Jian
Xom
Yredelemnul
Zin
The Shining One
Jiyva
Lugonu

Shops:
D:1 [   D:4 *[=(   Orc:2 !?[[=   Elf:2 *   Snake:1 (*[   Vaults:2 (
Vaults:4 [   Depths:4 =

Portals:
Hell: Depths:1 Depths:2 Depths:3 Depths:4
Abyss: D:12 Zot:2 Depths:3
Pandemonium: Depths:2
Ziggurat: Depths:1

Annotations:
D:12 2 transporters, Umyoka's ghost, journeyman MiBe
Swamp:4 3 runed translucent doors, Beaer's ghost, journeyman HOMo
Slime:2 Dissolution
Zot:3 3 runed translucent doors, Olga's ghost, master MeFi


Innate Abilities, Weirdness & Mutations

You have a pair of large horns on your head.
You reflexively headbutt those who attack you in melee.
You sometimes lose your temper in combat.
You are dopey. (Int -2)
You are robust. (+10% HP)
You occasionally shout uncontrollably at your foes.
You occasionally lose the ability to drink potions when taking damage.


Message History

You see here 5 stones.
An Orb Guardian comes into view.
You yell at the Orb Guardian!
You see here a +0 dagger.
An Orb Guardian comes into view.
You slash the Orb Guardian!
You headbutt the Orb Guardian, but do no damage.
The Orb Guardian is lightly wounded.
Your +7 spectral broad axe hits the Orb Guardian!!!
The Orb Guardian hits your +7 spectral broad axe but does no damage.
You open the Orb Guardian like a pillowcase!!!
The Orb Guardian is almost dead.
Your +7 spectral broad axe hits the Orb Guardian!!
You kill the Orb Guardian!
Okawaru accepts your kill.
Your +7 spectral broad axe disappears.
The Orb Guardian attacks as you move away!
You block the Orb Guardian's attack.
A profane servitor comes into view.
It is wielding a +3 demon whip of venom.
You miss the Orb Guardian.
Your +7 spectral broad axe hits the Orb Guardian!!
You block the Orb Guardian's attack.
You barely miss the Orb Guardian. Your headbutt misses the Orb Guardian.
The Orb Guardian is moderately wounded.
Your +7 spectral broad axe hits the Orb Guardian!
You block the Orb Guardian's attack.
You hit the Orb Guardian.
The Orb Guardian is severely wounded.
Your +7 spectral broad axe hits the Orb Guardian!!
You block the Orb Guardian's attack.
You carve the Orb Guardian like a ham!!!
You kill the Orb Guardian!
Okawaru accepts your kill.
Your +7 spectral broad axe disappears.
A rust devil comes into view.
There is a staircase leading out of the dungeon here.
You block the profane servitor's attack.
The profane servitor hits you but does no damage.
You are poisoned.
You have escaped!

##.#.#......⌠.......⌠......#
##...##...................##
####..##..4...⌠...⌠...⌠..##
# #...##...............##
####.#..##.⌠....⌠....⌠.##
..##.##..##...........##
..##.###..##..⌠...⌠^.##
..##.# ##..##...A...##
..##.# #...##..@..##
#..#.#####...##.>.##
##.....###.#..######
####.#.....##......#########
#.##########.....##.....##
#.# ##..............## #.#
#..††............# #.#
#................# #.#
#................#


You could see a profane servitor and a rust devil.

Vanquished Creatures
  the Royal Jelly (Slime:5)
  2 dread liches (Zot:5)
  3 orbs of fire
  A juggernaut (shapeshifter) (Depths:2)
  Bai Suzhen (Vaults:2)
  2 Killer Klowns (Zot:5)
  2 curse toes
  Vashnia (Snake:3)
  the Lernaean hydra (Swamp:4)
  Nikola (Swamp:4)
  9 golden dragons
  3 doom hounds (Zot:1)
  A bone dragon (Depths:4)
  2 electric golems
  12 tentacled monstrosities
  A Hell Sentinel (D:15)
  A walking earthen tome (Depths:3)
  4 liches
  25 Orb Guardians
  A pandemonium lord (Zot:1)
  A titan (Depths:3)
  Mlioglotl (Swamp:4)
  Grunn (Zot:1)
  2 deep elf master archers (Elf:3)
  A walking divine tome (Depths:3)
  2 deep elf blademasters (Elf:3)
  22 acid blobs
  A quicksilver dragon (Zot:1)
  2 sphinxes
  A sphinx (shapeshifter) (Depths:2)
  Kirke (Swamp:4)
  11 death cobs
  9 shadow dragons
  10 storm dragons
  5 tengu reavers
  12 azure jellies
  4 draconian monks
  5 nagarajas
  7 draconian scorchers
  Aizul (Snake:2)
  5 draconian knights
  9 rockslimes
  3 fire giants
  9 vault wardens
  A frost giant (shapeshifter) (Depths:2)
  6 frost giants
  Louise (Swamp:3)
  4 deep elf sorcerers (Elf:3)
  A balrug (Depths:1)
  3 deep elf elementalists (Elf:3)
  3 draconian shifters (Zot:3)
  3 orc warlords
  7 draconian annihilators
  10 quicksilver oozes
  7 draconian stormcallers
  2 angels
  9 ironbound thunderhulks
  A cacodemon (D:1)
  9 stone giants
  10 very ugly things
  9 formless jellyfish
  20 ironbound preservers
  A spriggan defender (Depths:3)
  4 war gargoyles
  4 deep elf demonologists (Elf:3)
  A vampire knight (Depths:3)
  15 green draconians
  10 yellow draconians
  16 red draconians
  An eleionoma (Swamp:2)
  14 purple draconians
  7 bunyips
  9 deep elf annihilators
  13 white draconians
  An eleionoma (shapeshifter) (Depths:2)
  10 dire elephants
  A spark wasp (Depths:3)
  18 black draconians
  7 deep elf death magi (Elf:3)
  5 ettins
  6 fire dragons
  2 entropy weavers
  A crystal guardian (Vaults:2)
  22 yaktaur captains
  11 great orbs of eyes
  Josephine (Orc:2)
  4 deep elf high priests
  20 hydras
  4 salamander tyrants (Snake:4)
  2 hydras (shapeshifter)
  12 ice dragons
  3 rakshasas
  A peacekeeper (Vaults:2)
  5 anacondas
  7 vault guards
  3 spriggan air magi
  3 catoblepae
  2 ghost crabs
  The ghost of Opifex the Nimble, a journeyman DjAE of Makhleb (D:11)
  29 ironbound frosthearts
  4 ogre magi
  30 centaur warriors
  11 boulder beetles
  44 dancing weapons
  10 naga warriors
  9 deep troll shamans
  5 alligators
  9 tengu warriors
  5 death yaks
  20 two-headed ogres
  A vampire mage (Depths:4)
  5 hell hogs (Depths:1)
  8 deep troll earth magi
  27 deep elf knights
  23 naga sharpshooters
  A sun demon (Depths:1)
  2 spriggan berserkers
  8 hell knights
  8 shock serpents
  8 spriggans
  10 iron trolls
  7 soul eaters
  A skyshark (shapeshifter) (Depths:1)
  6 salamander mystics
  56 deep trolls
  2 sixfirhies
  A deep troll (shapeshifter) (Depths:2)
  4 flayed ghosts
  4 bog bodies
  4 naga ritualists
  A spriggan druid (Swamp:4)
  4 obsidian statues (Depths:2)
  4 glowing orange brains (Depths:2)
  16 swamp dragons
  10 lindwurms
  A swamp dragon (shapeshifter) (Depths:2)
  8 wizards
  A phantasmal warrior (Vaults:4)
  18 ironbound convokers
  3 orc knights
  15 deep elf archers
  28 deep elf zephyrmancers
  A lindwurm (shapeshifter) (Depths:2)
  10 mana vipers
  3 harpies (Vaults:2)
  An orange crystal statue (IceCv)
  36 deep elf pyromancers
  A wolf spider (D:13)
  2 necromancers
  A cyclops (shapeshifter) (Depths:2)
  2 fire giant zombies (Depths:1)
  39 ugly things
  19 salamanders
  2 orc sorcerers
  13 moths of wrath
  A shining eye (shapeshifter) (Depths:2)
  A wolf spider zombie (D:15)
  6 manticores
  5 cyclopes
  3 will-o-the-wisps
  3 shining eyes
  A guardian serpent (Snake:3)
  20 vault sentinels
  15 elephants
  2 guardian serpents (shapeshifter) (Depths:2)
  50 slime creatures
  30 black mambas
  15 naga magi
  A smoke demon (Depths:1)
  9 cane toads
  An ice statue (Elf:3)
  An eye of devastation (Slime:5)
  7 torpor snails
  A molten gargoyle (Depths:2)
  2 unseen horrors (D:11)
  3 gargoyles
  10 rime drakes
  2 efreet
  A centaur skeleton (D:15)
  A redback zombie (D:15)
  2 tormentors
  2 unseen horrors (shapeshifter)
  2 freezing wraiths (D:13)
  33 yaktaurs
  3 tengu conjurers
  9 komodo dragons
  A harpy zombie (D:15)
  An ice devil (D:15)
  14 trolls
  A queen bee (shapeshifter) (D:13)
  A wind drake (Depths:2)
  15 hornets
  12 tyrant leeches
  A queen bee (D:10)
  A wind drake (shapeshifter) (Depths:2)
  20 polar bears
  24 blink frogs
  4 raiju (Lair:5)
  14 dream sheep
  A slime creature (shapeshifter) (Vaults:3)
  4 shadows
  An ettin skeleton (Depths:1)
  A culicivora (shapeshifter) (Depths:2)
  2 vampires
  9 water elementals
  A frost giant simulacrum (Depths:1)
  8 air elementals
  4 wraiths
  4 wyverns
  3 basilisks
  12 fire elementals
  3 hogs (Swamp:4)
  49 yaks
  A chaos spawn (Zot:1)
  14 golden eyes
  8 redbacks (Depths:1)
  4 steam dragons
  7 vampire mosquitoes
  5 wargs
  16 swamp worms
  A tengu zombie (Depths:1)
  50 nagas
  A water moccasin (shapeshifter) (Depths:4)
  2 acid dragons
  3 floating eyes
  13 hell hounds (Lair:5)
  9 water moccasins
  A large abomination (Zot:1)
  15 orc warriors
  8 swamp drakes
  3 ice beasts
  4 sky beasts
  14 black bears
  20 ogres
  17 centaurs
  24 wolves
  An ogre (shapeshifter) (D:13)
  A small abomination (Zot:1)
  7 kobold brigands
  15 bullfrogs
  6 earth elementals
  4 necrophages (D:6)
  8 wights
  11 killer bees (D:10)
  3 electric eels (Elf:3)
  A centaur zombie (D:6)
  3 lava snakes (Lair:3)
  A bullfrog zombie (D:6)
  9 orc priests
  5 jellies
  5 hounds
  A gnoll bouda (D:8)
  An iguana (D:5)
  A sleepcap (D:7)
  9 orc wizards
  3 gnolls
  6 adders
  3 white imps
  3 worms
  A dart slug (D:1)
  44 orcs
  8 ball pythons
  6 endoplasms
  4 giant cockroaches
  6 hobgoblins
  A jackal (D:3)
  4 quokkas
  4 bats
  5 frilled lizards
  10 goblins
  24 kobolds
  6 rats
  3 ball lightnings (Depths:2)
  A lurking horror (Zot:2)
2080 creatures vanquished.

Vanquished Creatures (collateral kills)
  A phantom (D:5)
1 creature vanquished.

Vanquished Creatures (others)
  A fenstrider witch (Swamp:3)
  A frost giant (IceCv)
  An ironbound preserver (Vaults:1)
  A deep elf knight (Elf:2)
  A spriggan (Swamp:3)
  A wizard (Vaults:4)
  A deep elf pyromancer (Elf:2)
  A moth of wrath (Zot:2)
  A rime drake (IceCv)
  5 bloated husks
  A tyrant leech (Swamp:4)
  A hornet (Swamp:3)
  3 water elementals (Depths:2)
  A swamp worm (Swamp:3)
  An orc wizard (D:9)
  A kobold (D:5)
  7 ball lightnings (Depths:2)
  12 foxfires
  77 spectral weapons
118 creatures vanquished.

Grand Total: 2199 creatures vanquished

Notes
Turn   | Place    | Note
-------+----------+-------------------------------------------
     0 | D:1      | Solaire439 the Minotaur Fighter began the quest for the
                  | Orb.
     0 | D:1      | Reached XP level 1. HP: 19/19 MP: 0/0
   145 | D:1      | Reached XP level 2. HP: 27/27 MP: 1/1
   287 | D:1      | Found Feduehym's Armour Shop.
   625 | D:2      | Reached XP level 3. HP: 33/33 MP: 2/2
   656 | D:2      | Found a faded altar of an unknown god.
  1425 | D:3      | Found a hide-covered altar of Uskayaw.
  1646 | D:3      | Reached XP level 4. HP: 41/41 MP: 3/3
  2229 | D:4      | Found Hiwoll's Antique Weapon Shoppe.
  2276 | D:4      | Found Qoeso's Jewellery Shop.
  2282 | D:4      | Found Yvirph's Antique Armour Shop.
  2576 | D:4      | Found Myhuf's Assorted Antiques.
  2667 | D:4      | Found a shadowy altar of Dithmenos.
  2865 | D:5      | Entered Level 5 of the Dungeon
  2875 | D:5      | Noticed an ice beast
  2887 | D:5      | Killed an ice beast
  2888 | D:5      | Reached XP level 5. HP: 30/47 MP: 4/4
  2997 | D:5      | Noticed a phantom
  3009 | D:5      | Killed a phantom
  3010 | D:5      | Reached skill level 5 in Fighting
  3010 | D:5      | Reached skill level 5 in Armour
  3010 | D:5      | Reached skill level 5 in Shields
  3010 | D:5      | Reached XP level 6. HP: 56/56 MP: 5/5
  3391 | D:5      | Reached skill level 5 in Axes
  3396 | D:5      | Reached XP level 7. HP: 62/62 MP: 6/6
  3969 | D:6      | Reached XP level 8. HP: 62/71 MP: 7/7
  4029 | D:6      | Found a glowing golden altar of the Shining One.
  4031 | D:6      | Noticed an angel
  4038 | D:6      | Found a basalt altar of Yredelemnul.
  4040 | D:6      | Noticed a profane servitor
  4141 | D:6      | Found a blossoming altar of Fedhas.
  4616 | D:7      | Found a staircase to the Ecumenical Temple.
  4622 | Temple   | Entered the Ecumenical Temple
  4860 | D:7      | Found a bloodstained altar of Trog.
  4901 | D:7      | Reached XP level 9. HP: 81/81 MP: 8/8
  5172 | D:7      | You fall into a shaft and drop 1 floor!
  5901 | D:8      | Found a white marble altar of Elyvilon.
  7093 | D:9      | Reached skill level 1 in Throwing
  7184 | D:9      | Noticed a two-headed ogre
  7288 | D:9      | Killed a two-headed ogre
  7289 | D:9      | Reached XP level 10. HP: 57/91 MP: 9/9
  7987 | D:9      | Reached skill level 10 in Axes
  7992 | D:9      | Noticed a manticore
  8001 | D:9      | Killed a manticore
  8179 | D:9      | Noticed a catoblepas
  8196 | D:9      | Killed a catoblepas
  8197 | D:9      | Reached skill level 10 in Fighting
  8197 | D:9      | Reached skill level 10 in Armour
  8197 | D:9      | Reached skill level 10 in Shields
  8446 | D:10     | Entered Level 10 of the Dungeon
  8446 | D:10     | Noticed a two-headed ogre
  8455 | D:9      | Killed a two-headed ogre
  8696 | D:10     | Found a staircase to the Orcish Mines.
  8870 | D:10     | Found an iron altar of Okawaru.
  8885 | D:10     | Became a worshipper of Warmaster Okawaru
  8924 | D:10     | Noticed a gargoyle
  8928 | D:10     | Reached XP level 11. HP: 87/101 MP: 10/10
  8939 | D:10     | Reached * piety under Okawaru
  9083 | D:10     | Found a portal to a secret trove of treasure.
  9288 | D:10     | Noticed a two-headed ogre
  9307 | D:10     | Killed a two-headed ogre
  9509 | D:10     | Noticed a two-headed ogre
  9518 | D:10     | Killed a two-headed ogre
  9636 | D:10     | Reached ** piety under Okawaru
  9924 | D:10     | Found a staircase to the Lair.
  9936 | Lair:1   | Entered Level 1 of the Lair of Beasts
  9959 | Lair:1   | Reached skill level 1 in Invocations
 10132 | Lair:1   | Reached *** piety under Okawaru
 10280 | Lair:1   | Noticed a five-headed hydra
 10286 | Lair:1   | Killed a five-headed hydra
 10356 | Lair:1   | You fall into a shaft and drop 1 floor!
 10484 | Lair:2   | Identified the +5 war axe "Door" {heavy, rPois Int+2 Dex+2}
 10565 | Lair:2   | Reached **** piety under Okawaru
 10566 | Lair:2   | Reached XP level 12. HP: 105/110 MP: 13/13
 10568 | Lair:2   | Received a gift from Okawaru
 10772 | Lair:2   | Noticed a catoblepas
 10782 | Lair:2   | Killed a catoblepas
 12064 | Lair:2   | Reached ***** piety under Okawaru
 12681 | Lair:3   | Found a staircase to the Snake Pit.
 12851 | Lair:3   | Reached skill level 5 in Invocations
 13001 | Lair:3   | Noticed a death yak
 13001 | Lair:3   | Noticed a death yak
 13030 | Lair:3   | Noticed a death yak
 13063 | Lair:3   | Killed a death yak
 13063 | Lair:3   | Received a gift from Okawaru
 13070 | Lair:3   | Killed a death yak
 13072 | Lair:3   | Reached XP level 13. HP: 95/119 MP: 7/15
 13268 | Lair:3   | Found a staircase to the Swamp.
 13277 | Lair:3   | Received a gift from Okawaru
 13310 | Lair:3   | Reached skill level 15 in Axes
 13723 | Lair:4   | Found a staircase to the Slime Pits.
 13885 | Lair:4   | Identified the +10 tower shield "Xeosamiv" {Will+ SInv}
                  | (Okawaru gifted it to you on level 4 of the Lair of Beasts)
 13885 | Lair:4   | Received a gift from Okawaru
 15252 | Lair:4   | Reached skill level 5 in Throwing
 15741 | Lair:5   | Entered Level 5 of the Lair of Beasts
 15741 | Lair:5   | Found the +4 Cigotuvi's embrace {Corpsefed rMiasma Drain
                  | rN+}
 16766 | Lair:5   | Received a gift from Okawaru
 17000 | Lair:4   | Received a gift from Okawaru
 17298 | Lair:5   | Identified the +4 broad axe of Impeachment {freeze, SInv}
                  | (Okawaru gifted it to you on level 5 of the Lair of Beasts)
 17298 | Lair:5   | Received a gift from Okawaru
 17299 | Lair:5   | Reached XP level 14. HP: 126/130 MP: 16/16
 17628 | Lair:5   | Found a runed translucent door.
 17770 | Lair:5   | Paralysed by a hornet for 1 turns
 17777 | Lair:5   | Reached ****** piety under Okawaru
 18424 | Lair:5   | Received a gift from Okawaru
 18452 | Lair:5   | Identified the +10 plate armour of Surprise {Str+2 Stlth+}
                  | (Okawaru gifted it to you on level 5 of the Lair of Beasts)
 18452 | Lair:5   | Received a gift from Okawaru
 19397 | D:4      | Bought a +4 ring of slaying for 1014 gold pieces
 19525 | D:10     | You paid a toll of a +4 ring of slaying to enter a treasure
                  | trove
 19526 | Trove    | Entered a treasure trove
 19530 | Trove    | Identified the ring "Nugront" {Contam rElec rPois MP+9
                  | SInv}
 19536 | Trove    | Identified the ring "Tuac" {Str+6 Dex+2}
 19540 | Trove    | Identified the ring "Hakiv" {Ice rElec rN+ Will- Slay+4}
 19542 | Trove    | Identified the amulet of Vasygoyt {Acrobat rElec rF+ Dex+3}
 19549 | Trove    | Identified the amulet "Yhon" {Faith Will+}
 19550 | Trove    | Identified the amulet "Sionuc" {Faith rPois}
 19575 | Trove    | Identified the ring "Ekohi" {rN++ MP+9 Str+5 Int-3}
 19831 | D:11     | Got the Vellum of Summoning and Austromancy
 20322 | D:11     | Found a large runed translucent door.
 20323 | D:11     | Found a large runed translucent door.
 20325 | D:11     | Noticed Opifex's ghost (journeyman DjAE)
 20335 | D:11     | Killed Opifex's ghost
 20723 | D:12     | Noticed Umyoka's ghost (journeyman MiBe)
 20777 | D:12     | Found a one-way gate to the infinite horrors of the Abyss.
 20790 | D:12     | Found a transporter.
 20793 | D:12     | Found a transporter.
 21692 | D:13     | Identified the ring of Wuoskuw {Str-2 Int+4 Slay+4}
 21698 | D:13     | Identified the ring "Moisch" {MP+9 Dex+3}
 21760 | D:13     | Identified the ring of Veuj {*Corrode rElec rN+ Dex+5}
 21764 | D:13     | Identified the ring "Zoogg" {rElec Slay+4}
 21795 | D:13     | Found a runed translucent door.
 21795 | D:13     | Found a runed translucent door.
 21885 | D:13     | Reached XP level 15. HP: 139/139 MP: 19/19
 22031 | D:13     | Received a gift from Okawaru
 22262 | D:13     | Reached skill level 15 in Fighting
 22266 | D:13     | Received a gift from Okawaru
 22271 | D:13     | Reached skill level 15 in Armour
 22322 | D:13     | Found a gate to the Vaults.
 22354 | D:13     | Reached skill level 15 in Shields
 23683 | D:14     | Received a gift from Okawaru
 24078 | D:14     | Found a shimmering altar of Xom.
 24093 | D:14     | Found a shimmering altar of Xom.
 24093 | D:14     | Found a shimmering altar of Xom.
 24095 | D:14     | Found a shimmering altar of Xom.
 24310 | D:15     | Entered Level 15 of the Dungeon
 24752 | D:15     | Found a staircase to the Depths.
 24799 | D:15     | Identified the +6 plate armour of the Farmer {Fly rC++ MP+9
                  | Str-5} (Okawaru gifted it to you on level 15 of the
                  | Dungeon)
 24799 | D:15     | Received a gift from Okawaru
 25642 | Orc:1    | Entered Level 1 of the Orcish Mines
 26046 | Orc:2    | Entered Level 2 of the Orcish Mines
 26171 | Orc:2    | Reached XP level 16. HP: 151/151 MP: 14/21
 26195 | Orc:2    | Found Fuini's Magic Scroll Boutique.
 26255 | Orc:2    | Found Odoar's Armour Shop.
 26260 | Orc:2    | Found Oremih's Armour Emporium.
 26347 | Orc:2    | Found Dene's Distillery.
 26399 | Orc:2    | Found Iluckegh's Jewellery Boutique.
 26402 | Orc:2    | Found a staircase to the Elven Halls.
 26512 | Orc:2    | Noticed Josephine
 26523 | Orc:2    | Killed Josephine
 27416 | D:4      | Bought the amulet of the Albatross {Spirit Fragile rF+
                  | Will++ Regen+} for 681 gold pieces
 27479 | D:4      | Bought a scroll of identify for 40 gold pieces
 27618 | Orc:2    | Bought the ring "Ysmoemise" {rPois rF+ rN+ Dex+2 SInv} for
                  | 540 gold pieces
 27753 | Snake:1  | Entered Level 1 of the Snake Pit
 27770 | Snake:1  | Received a gift from Okawaru
 27821 | Snake:1  | Reached skill level 1 in Evocations
 27844 | Snake:1  | Received a gift from Okawaru
 27887 | Snake:1  | Found Doych's Antique Armour Shop.
 27910 | Snake:1  | Found Rajulir's Assorted Antiques.
 27912 | Snake:1  | Found Zunuikeo's Antique Weapon Shop.
 28581 | Orc:2    | Bought a scroll of brand weapon for 152 gold pieces
 29108 | Snake:2  | Noticed Aizul
 29125 | Snake:2  | Killed Aizul
 29862 | Snake:3  | Received a gift from Okawaru
 29999 | Snake:3  | Noticed Vashnia
 30021 | Snake:3  | Killed Vashnia
 30021 | Snake:3  | Received a gift from Okawaru
 30306 | Snake:3  | Reached XP level 17. HP: 149/162 MP: 20/22
 30441 | Snake:3  | Received a gift from Okawaru
 30802 | Snake:3  | Identified the +0 mace of Descent {protect, rN+}
 31266 | Snake:4  | Entered Level 4 of the Snake Pit
 31286 | Snake:4  | Received a gift from Okawaru
 31482 | Snake:4  | Reached skill level 10 in Throwing
 31604 | Snake:4  | Identified the +0 tower shield "Guer" {rElec rC- Regen+
                  | MP+9} (Okawaru gifted it to you on level 4 of the Snake
                  | Pit)
 31604 | Snake:4  | Received a gift from Okawaru
 32218 | Snake:4  | Got a serpentine rune of Zot
 32446 | Swamp:1  | Entered Level 1 of the Swamp
 33345 | Swamp:2  | Identified the +7 mace of the Usurping Gods {flame, Will+
                  | Str+3}
 33884 | Swamp:3  | Noticed Louise
 33896 | Swamp:3  | Killed Louise
 33897 | Swamp:3  | Reached XP level 18. HP: 170/174 MP: 23/23
 34154 | Swamp:3  | Identified the +5 war axe of Zoxobath {freeze, rN++ Will+
                  | MP+9 Int-2}
 34390 | Swamp:4  | Entered Level 4 of the Swamp
 34393 | Swamp:4  | Noticed Kirke
 34405 | Swamp:4  | Killed Kirke
 34409 | Swamp:4  | Received a gift from Okawaru
 34457 | Swamp:4  | Found a runed translucent gate.
 34458 | Swamp:4  | Found a runed translucent gate.
 34458 | Swamp:4  | Found a runed translucent gate.
 34469 | Swamp:4  | Noticed Beaer's ghost (journeyman HOMo)
 34521 | Arena    | Entered the Arena
 34748 | Swamp:4  | Noticed Nikola
 34753 | Swamp:4  | Received a gift from Okawaru
 34774 | Swamp:4  | Killed Nikola
 34804 | Swamp:4  | Noticed Mlioglotl
 34815 | Swamp:4  | Killed Mlioglotl
 34940 | Swamp:4  | Noticed the 27-headed Lernaean hydra
 34992 | Swamp:4  | Killed the 27-headed Lernaean hydra
 35122 | Swamp:4  | Got a decaying rune of Zot
 35607 | Vaults:1 | Entered Level 1 of the Vaults
 35631 | Vaults:1 | Received a gift from Okawaru
 35921 | Vaults:1 | Reached skill level 10 in Invocations
 35949 | Vaults:1 | Identified the +3 war axe of Akleni Nidi {heavy, rC+}
 35965 | Vaults:1 | Identified the +1 plate armour of the Endless Expanse {rF+}
                  | (Okawaru gifted it to you on level 1 of the Vaults)
 35965 | Vaults:1 | Received a gift from Okawaru
 36158 | Vaults:1 | Identified the +9 orcbow of Kodoku {antimagic, rC- Int+5}
 36622 | Vaults:1 | Reached XP level 19. HP: 178/185 MP: 23/26
 37326 | Vaults:2 | Received a gift from Okawaru
 37595 | Vaults:2 | Found Hat Bent's Weapon Emporium.
 37626 | Vaults:2 | Noticed Bai Suzhen
 37638 | Vaults:2 | Killed Bai Suzhen
 37638 | Vaults:2 | Received a gift from Okawaru
 37997 | Vaults:2 | Received a gift from Okawaru
 38107 | Vaults:2 | Identified the +0 hat of the Valley of Death {SInv}
                  | (Okawaru gifted it to you on level 2 of the Vaults)
 38107 | Vaults:2 | Received a gift from Okawaru
 39264 | Vaults:3 | Reached XP level 20. HP: 146/198 MP: 19/28
 39322 | Vaults:3 | Identified the +7 ring mail of Cowardice {Regen+ Int-2
                  | Dex+4 SInv}
 39378 | Vaults:3 | Got Performing Successful Hermeneutics
 39574 | Vaults:3 | Found a staircase to the Crypt.
 39667 | Vaults:3 | You fall into a shaft and drop 1 floor!
 39795 | Vaults:4 | Identified the +4 demon whip "Ycsuxuw" {freeze, rElec
                  | Int+3} (Okawaru gifted it to you on level 4 of the Vaults)
 39795 | Vaults:4 | Received a gift from Okawaru
 39845 | Vaults:4 | Found Zusudgh's Armour Shop.
 40545 | Vaults:3 | Received a gift from Okawaru
 41010 | Vaults:4 | Received a gift from Okawaru
 41861 | Elf:1    | Entered Level 1 of the Elven Halls
 42009 | Elf:1    | Received a gift from Okawaru
 42097 | Elf:1    | Paralysed by an air elemental for 1 turns
 42114 | Elf:1    | Received a gift from Okawaru
 42375 | Elf:1    | Reached XP level 21. HP: 207/209 MP: 29/29
 42860 | Elf:2    | Found a runed translucent gate.
 42860 | Elf:2    | Found a runed translucent gate.
 42867 | Elf:2    | Found a runed translucent gate.
 43290 | Elf:2    | Identified the +0 pair of gloves "Wieqoerr" {Int+5}
                  | (Okawaru gifted it to you on level 2 of the Elven Halls)
 43290 | Elf:2    | Received a gift from Okawaru
 43325 | Elf:2    | Found Osiz's Elven Fire.
 43716 | Elf:3    | Entered Level 3 of the Elven Halls
 43834 | Elf:3    | Found a frozen archway.
 43851 | IceCv    | Entered an ice cave
 44000 | IceCv    | Found the +4 skin of Zhor {*Englaciate rC+++ SInv}
 44069 | IceCv    | Reached skill level 5 in Evocations
 45069 | Elf:3    | Identified the amulet of Elitism {Faith Fly}
 45072 | Elf:3    | Identified the +2 rapier of Eniamoum {vamp, rF+ rC- Will+}
 45072 | Elf:3    | Identified the amulet of Gozag's Castigation {RegenMP
                  | Dex+5}
 45077 | Elf:3    | Identified the +3 flail "Xozxeul" {elec, *Rage rPois rF++
                  | Int+3}
 45086 | Elf:3    | Received a gift from Okawaru
 45111 | Arena    | Entered the Arena
 45112 | Arena    | Identified the +0 plate armour of the Vaults {rF+ Int+9}
                  | (Okawaru gifted it to you in the Arena)
 45112 | Arena    | Received a gift from Okawaru
 45390 | Elf:3    | Identified the +1 robe "Gewnuz" {rElec rN+}
 45469 | Elf:3    | Got Qineroh's Incunabulum of Algor and Attendants
 45534 | Elf:3    | Got Erphomeug's Grimoire of Summoning and Blasts
 45595 | Elf:3    | Identified the +6 longbow of Salt {freeze, Int+2 Dex+5}
 46108 | Depths:1 | Entered Level 1 of the Depths
 47328 | Vaults:4 | Bought the +13 plate armour of the Orange Skies {+Inv rC+}
                  | for 1488 gold pieces
 47860 | Depths:1 | Reached XP level 22. HP: 211/220 MP: 30/30
 48325 | Depths:1 | Found a gateway to Hell.
 48534 | Depths:1 | Found a blossoming altar of Fedhas.
 48581 | Depths:1 | Found a one-way gateway to a ziggurat.
 48598 | Depths:1 | Paralysed by a floating eye for 2 turns
 48605 | Depths:1 | Paralysed by a floating eye for 4 turns
 48731 | Depths:1 | Received a gift from Okawaru
 48917 | Depths:1 | Paralysed by a floating eye for 3 turns
 48968 | Depths:1 | Paralysed by a floating eye for 2 turns
 49161 | Depths:2 | Found the +15 Maxwell's patent armour {-Cast -Tele rElec
                  | Will+ rCorr}
 49388 | Depths:2 | Received a gift from Okawaru
 49470 | Depths:2 | Paralysed by a floating eye for 4 turns
 49583 | Depths:2 | Received a gift from Okawaru
 49599 | Depths:2 | Paralysed by an air elemental for 1 turns
 49607 | Depths:2 | Paralysed by an air elemental for 1 turns
 49617 | Depths:2 | Paralysed by an air elemental for 1 turns
 49855 | Depths:2 | Identified the +2 quarterstaff of Wrongful Imprisonment
                  | {freeze, rN+ Int+3}
 49860 | Depths:2 | Identified the ring "Zukos" {Wiz rC+ Will+ Dex+3 Slay-5}
 49949 | Depths:2 | Received a gift from Okawaru
 50069 | Depths:2 | Identified the staff of the Orange Skies {rElec rC+ rCorr
                  | Str-3 Conj}
 50123 | Depths:2 | Found a one-way gate leading to the halls of Pandemonium.
 50296 | Depths:2 | an iron giant changed into a golden dragon
 50296 | Depths:2 | Noticed a golden dragon (glowing shapeshifter)
 50297 | Depths:2 | a golden dragon changed into a shard shrike
 50297 | Depths:2 | Noticed a shard shrike (glowing shapeshifter)
 50300 | Depths:2 | a shard shrike changed into a juggernaut
 50300 | Depths:2 | Noticed a juggernaut (glowing shapeshifter)
 50305 | Depths:2 | Killed a juggernaut
 50308 | Depths:2 | Identified the ring "Aprih" {Fly rF+}
 50329 | Depths:2 | Identified the +8 short sword of the Holding Penguin
                  | {freeze, Int+3}
 50710 | Depths:3 | Noticed a golden dragon
 50722 | Depths:3 | Killed a golden dragon
 50803 | Depths:3 | Reached XP level 23. HP: 222/232 MP: 31/31
 51186 | Depths:3 | Received a gift from Okawaru
 51510 | Depths:3 | Identified the +0 cloak of the Game Afoot {Will+ Dex+4}
                  | (Okawaru gifted it to you on level 3 of the Depths)
 51510 | Depths:3 | Received a gift from Okawaru
 51630 | Depths:4 | Entered Level 4 of the Depths
 51789 | Depths:4 | Found Eroblobor's Jewellery Shop.
 51981 | Arena    | Entered the Arena
 52297 | Depths:4 | Identified a scroll of acquirement
 52420 | Depths:4 | Found a gate to the Realm of Zot.
 53232 | Elf:1    | Acquired the +0 pair of boots of Unaedino {rElec Int+5}
 53399 | Slime:1  | Entered Level 1 of the Pits of Slime
 53759 | Slime:5  | Entered Level 5 of the Pits of Slime
 53906 | Slime:5  | Noticed the Royal Jelly
 53951 | Slime:4  | Gained mutation: You are robust. (+10% HP) [a shining eye]
 54683 | Slime:5  | Gained mutation: You are dopey. (Int -2) [a shining eye]
 59236 | Slime:5  | Found a viscous altar of Jiyva.
 59277 | Slime:5  | Killed the Royal Jelly
 59582 | Slime:5  | Identified the +6 scimitar "Baaxeesm" {holy, rN+ Will++}
 59610 | Slime:5  | Identified the ring "Fuelox" {rC+ Int+6}
 59614 | Slime:5  | Got a slimy rune of Zot
 59682 | Slime:5  | Got the Atlas of Incineration and the Valley
 59707 | Slime:5  | Received a gift from Okawaru
 59767 | Slime:2  | Noticed Dissolution
 60068 | Zot:1    | Entered Level 1 of the Realm of Zot
 60094 | Zot:1    | You are sucked into a shaft and drop 1 floor!
 60139 | Zot:2    | Reached XP level 24. HP: 261/269 MP: 31/31
 60388 | Zot:2    | Received a gift from Okawaru
 60571 | Zot:1    | Noticed Grunn
 61133 | Zot:1    | Noticed an orb of fire
 61133 | Zot:1    | Gained mutation: You have a pair of large horns on your
                  | head. [an orb of fire]
 61133 | Zot:1    | Lost mutation: You are dopey. (Int -2) [an orb of fire]
 61135 | Zot:1    | Gained mutation: You sometimes lose your temper in combat.
                  | [an orb of fire]
 61139 | Zot:1    | Gained mutation: You occasionally lose the ability to drink
                  | potions when taking damage. [an orb of fire]
 61157 | Zot:1    | Killed an orb of fire
 61363 | Zot:1    | Killed Grunn
 62139 | Zot:2    | Noticed an orb of fire
 62141 | Zot:2    | Gained mutation: You are dopey. (Int -2) [an orb of fire]
 62148 | Zot:2    | Killed an orb of fire
 62174 | Zot:2    | Found a corrupted altar of Lugonu.
 62379 | Zot:3    | Reached skill level 27 in Fighting
 62410 | Zot:3    | Reached skill level 27 in Armour
 62457 | Zot:3    | Reached skill level 27 in Shields
 62679 | Zot:3    | Found a runed translucent gate.
 62679 | Zot:3    | Found a runed translucent gate.
 62679 | Zot:3    | Found a runed translucent gate.
 62682 | Zot:3    | Noticed Olga's ghost (master MeFi)
 62763 | Zot:3    | Received a gift from Okawaru
 63795 | Zot:4    | Reached XP level 25. HP: 248/282 MP: 32/32
 64222 | Zot:4    | Received a gift from Okawaru
 64626 | Zot:5    | Entered Level 5 of the Realm of Zot
 64948 | Zot:5    | Received a gift from Okawaru
 64960 | Zot:5    | Reached skill level 10 in Evocations
 65061 | Zot:5    | Noticed a dread lich
 65071 | Zot:5    | Noticed a dread lich
 65075 | Zot:5    | Received a gift from Okawaru
 65076 | Zot:5    | Noticed an orb of fire
 65076 | Zot:5    | Noticed a Killer Klown
 65103 | Zot:5    | Killed a dread lich
 65111 | Zot:5    | Killed an orb of fire
 65147 | Zot:5    | Killed a Killer Klown
 65157 | Zot:5    | Killed a dread lich
 65353 | Zot:5    | Noticed a Killer Klown
 65366 | Zot:5    | Killed a Killer Klown
 65501 | Zot:5    | Reached skill level 15 in Invocations
 65537 | Zot:5    | Received a gift from Okawaru
 65613 | Zot:5    | Received a gift from Okawaru
 65615 | Zot:5    | Got the Orb of Zot
 65656 | Zot:5    | Noticed a Killer Klown
 65788 | Zot:1    | Noticed Vauqa the pandemonium lord
 65812 | Zot:1    | Killed Vauqa the pandemonium lord
 66414 | D:1      | Gained mutation: You occasionally shout uncontrollably at
                  | your foes. [a cacodemon]
 66455 | D:$      | Escaped with the Orb!

Illustrated notes

Levels and vault maps discovered:
D:1:      dpeg_arrival_lava_temple_mockup, layout_rooms, serial_shops,
          nicolae_shop_hallway_stairs, chequers_serial_rivers_small_a
D:2:      layout_basic, hellmonk_ecumenical_altar_heavens_door,
          kennysheep_generic_room_11
D:3:      minmay_chambers_of_twos, layout_rooms, lemuel_crystal_altar
D:4:      layout_loops_ring, mainiacjoe_overflow_alcove_4, serial_forest,
          infiniplex_forest_corner_2, infiniplex_forest_clump_curved,
          infiniplex_forest_clump_tiny, infiniplex_forest_straight_4,
          infiniplex_forest_end_2, infiniplex_forest_straight_2,
          infiniplex_forest_lined_1, infiniplex_forest_zigzag_2, serial_shops,
          shop, shop, nicolae_shop_crystal, shop
D:5:      layout_basic
D:6:      layout_cave_pools, grunt_temple_overflow_holy_war,
          fedhas_altar_decomposition, minivault_25
D:7:      minmay_angry_zag, layout_basic, trog_ov_bears_minmay,
          minmay_temple_entry_hall
D:8:      layout_basic, mainiacjoe_overflow_small_starburst
D:9:      layout_loops_corners, kb_rosetta
D:10:     layout_long_grid, okawaru_altar_gauntlet_db, lair_entry_dummy,
          orc_0_dummy, enter_trove_3, st_stairs_11,
          nicolae_looking_at_the_future
D:11:     layout_loops_corners, ebering_ghost_disaster_area,
          hangedman_decor_slide_cut, minmay_quadrilaterals
D:12:     layout_loops_cross, gammafunk_ghost_abyssal_escape, hangedman_ranch
D:13:     minmay_the_grid_triangle_9x9_recursive_2
          [minmay_the_grid_triangle_9x9_prize_special,
          minmay_the_grid_triangle_9x9_tough_junction,
          minmay_the_grid_triangle_9x9_intruding_spiral,
          minmay_the_grid_triangle_9x9_sparse_checkered], layout_layer_cave,
          lightli_vaults_fourway_checkpoint
D:14:     layout_long_grid, serial_glass, glass_columns_b, glass_columns_a,
          glass_columns_b, xom_redecorated
D:15:     grunt_enter_depths_magical_seal, layout_cave_pods, serial_park_square1
          [serial_park_minivault_5x5_3]
Temple:   compressed_dpeg_circular_temple
Lair:1:   dreamdust_isle_of_ice, layout_concentric_octagons,
          chequers_serial_rivers_marsh
Lair:2:   layout_cave_pods
Lair:3:   layout_chaotic_city, skrybe_swamp_entry_bodies,
          nicolae_snake_entry_warm_welcome, lemuel_fruit_fields
Lair:4:   layout_loops_ring, minmay_slime_entry_pillars
Lair:5:   wormcave, layout_concentric_octagons,
          hangedman_lair_caniforms_friends, grunt_megastairs_2
Swamp:1:  layout_falls_marsh, evilmike_swamp_ruin_rubble_2, roderic_carrion_pond
Swamp:2:  nicolae_swamp_tree_isthmus, layout_falls_marsh, hangedman_swamp_pad,
          swamp_pool4
Swamp:3:  layout_basic_swamp, evilmike_swamp_ruin_house_1, uniq_louise
Swamp:4:  swamp_old_school, layout_basic_swamp, gammafunk_ghost_necromancy,
          uniq_kirke, uniq_mlioglotl, uniq_nikola
Snake:1:  layout_rooms, minmay_shop_star
Snake:2:  layout_chambers, serial_bayou_pond_d, uniq_aizul
Snake:3:  layout_layer_cave, nicolae_snake_shapes, uniq_vashnia
Snake:4:  minmay_snake_end_coiled, layout_misc_corridors, serial_bayou_shore_b
Slime:1:  layout_caves, cheibrodos_slime_lost_civilization_4
Slime:2:  layout_caves, uniq_dissolution
Slime:3:  layout_caves
Slime:4:  layout_caves
Slime:5:  slime_pit_nicolae_trefoil
Orc:1:    nicolae_orc_accident_1, layout_caves, serial_shops, shop,
          nicolae_volcano_entry_lava_flow, nicolae_orc_rich_vein
Orc:2:    st_orc_open, layout_caves, serial_shops, nicolae_lakefront_shop,
          uniq_josephine
Elf:1:    eino_elf_arrival_the_gate, layout_gridlike,
          hangedman_elven_crosses_minicolossus
Elf:2:    nicolae_elf_blades_splatter_lattice
          [nicolae_vaults_blade_armed_guards], layout_geoelf_octagon,
          guppyfry_elf_lava
Elf:3:    elf_hall_gauntlet_narrow, layout_geoelf_castle,
          portal_ice_cave_entry_ice_statue_one, grunt_ministairs_13
Vaults:1: nicolae_vaults_network_quinsquares
          [nicolae_vaults_network_quincunx_subvault,
          nicolae_vaults_network_quincunx_subvault,
          nicolae_vaults_network_quincunx_subvault,
          nicolae_vaults_network_quincunx_subvault], v_misc_30, st_diamondy,
          nicolae_vaults_wine_cellar, v_rooms_5, nicolae_vaults_mitosis,
          nicolae_vaults_little_squares_1, layout_vaults_quadrants
Vaults:2: nicolae_vaults_puzzle_piece, v_pattern_3, nicolae_vaults_weapon_check,
          nicolae_vaults_halls_meeting, v_rooms_6,
          nicolae_vaults_more_shelving_1, nicolae_vaults_offset_grid_hallway_2,
          ontoclasm_vaults_claustrophobia, nicolae_vaults_double_plus_2,
          nicolae_vaults_more_shelving_2, layout_vaults_omnicross, serial_shops,
          nicolae_diamond_shop, uniq_bai_suzhen
Vaults:3: nicolae_vaults_cornered_office, st_smaller_cells,
          minmay_crypt_entry_nasty_monster, hangedman_vaults_cutoff,
          hangedman_vaults_cutoff, nicolae_vaults_big_ls, v_rooms_2, v_misc_4,
          nicolae_vaults_diagonal_hallway_6, ontoclasm_vaults_shuriken,
          nicolae_vaults_tetromino_T_1, layout_vaults_big_room
Vaults:4: nicolae_vaults_display_case, nicolae_vaults_stairing_the_circle,
          nicolae_vaults_diagonal_hallway_9, nicolae_vaults_house_3,
          nicolae_vaults_trapezoid_lopsided_2, nicolae_vaults_tetromino_T_1,
          nicolae_vaults_turnstiles, nicolae_vaults_layer_cake_slice,
          vaults_mumra_hexcomb, nicolae_vaults_diamond_2,
          nicolae_vaults_six-pack, layout_vaults_omnibox, serial_shops,
          nicolae_shop_real_fake_doors
Depths:1: layout_gridlike, enter_ziggurat_d, old_standard_altar, hellmouth_3,
          drop_trap, lemuel_flamethrower_hall
Depths:2: radiant_caverns_b_rkd, hell_entry, pan_entry
Depths:3: minmay_two_paths, layout_gridlike, abyss_entry,
          pf_vacation_house_of_asmodeus, nicolae_triple_integral,
          infiniplex_staircase_pool_lava
Depths:4: grunt_zot_entry_gee_three, layout_long_grid, pf_hell_entry_tar_spiral,
          serial_shops, shop
Zot:1:    layout_basic, uniq_grunn
Zot:2:    layout_onion, amcnicky_altar_lugonu_corruption
Zot:3:    layout_basic, gammafunk_ghost_ooze, st_stairs_7
Zot:4:    layout_concentric_octagons
Zot:5:    layout_onion

Skill      XL: |  1  2  3  4  5  6  7  8  9 10 11 12 13 14 15 16 17 18 19 20 21 22 23 24 25 |
---------------+----------------------------------------------------------------------------+-----
Shields        | 4 5 6 7 9 10 11 12 13 14 16 17 18 19 21 22 23 24 25 27 | 27.0
Fighting       | 4 5 6 7 9 10 11 12 13 14 16 17 18 20 21 22 23 24 26 27 | 27.0
Armour         | 4 5 6 7 9 10 11 12 13 14 16 17 18 20 21 22 23 24 26 27 | 27.0
Axes           | 3 4 5 6 7 9 11 13 14 16 18 | 18.0
Throwing       | 1 3 4 5 6 9 10 11 13 | 13.3
Invocations    | 3 5 7 8 10 12 13 15 | 15.5
Evocations     | 1 2 6 8 9 11 | 11.4

Action                     |  1- 3 |  4- 6 |  7- 9 | 10-12 | 13-15 | 16-18 | 19-21 | 22-24 | 25-27 || total
---------------------------+-------+-------+-------+-------+-------+-------+-------+-------+-------++-------
  Melee: War axe           |    92 |   124 |   242 |   490 |   297 |       |       |       |       ||  1245
         Headbutt          |     8 |    24 |    47 |   110 |   241 |   210 |   355 |   594 |   101 ||  1690
         Broad axe         |       |       |       |       |   692 |   826 |  1041 |  1706 |   302 ||  4567
  Throw: Dart              |       |       |     6 |     6 |       |       |       |       |       ||    12
         Javelin           |       |       |       |     8 |    57 |    69 |     4 |    55 |    23 ||   216
         Boomerang         |       |       |       |       |     7 |    27 |       |    11 |       ||    45
         Throwing net      |       |       |       |       |       |       |       |     1 |       ||     1
 Invoke: Heroism           |       |       |       |     3 |    11 |     9 |     4 |    12 |     1 ||    40
         Finesse           |       |       |       |     1 |     3 |     3 |     3 |     7 |     1 ||    18
         Duel              |       |       |       |       |       |     1 |     1 |     1 |       ||     3
  Evoke: Wand              |       |       |    12 |       |       |       |       |     4 |     3 ||    19
    Use: Potion            |       |     1 |     1 |     2 |     1 |     2 |     2 |    10 |     2 ||    21
         Scroll            |       |     4 |     5 |     2 |    21 |    13 |     2 |    11 |     4 ||    62
   Stab: Distracted        |       |       |       |       |       |    20 |    24 |    26 |    10 ||    80
         Sleeping          |       |       |       |       |       |       |       |     1 |       ||     1
 Armour: Scale mail        |    42 |    32 |    15 |       |       |       |       |       |       ||    89
         Chain mail        |       |       |    54 |    85 |       |       |       |       |       ||   139
         Plate armour      |       |       |       |    51 |   459 |   352 |   220 |   438 |    65 ||  1585
  Dodge: Dodged            |    34 |    34 |   109 |   192 |   403 |   105 |    92 |   179 |    19 ||  1167
         Repelled          |       |       |       |       |       |       |       |    38 |     2 ||    40
  Block: Buckler           |    23 |    36 |   112 |   209 |   443 |       |       |       |       ||   823
         Reflection        |       |     3 |     5 |     8 |     1 |       |       |       |       ||    17
         Tower shield      |       |       |       |       |   209 |  1085 |   936 |  1543 |   276 ||  4049

Table legend: (Time is in decaauts)
 A = Elapsed time spent in this place.
 B = Non-inter-level travel time spent in this place.
 C = Inter-level travel time spent in this place.
 D = Time resting spent in this place.
 E = Time spent auto-exploring this place.
 F = Levels seen in this place.
 G = Mean time per level.
                   A        B        C        D        E       F      G
               +--------+--------+--------+--------+--------+-----+--------+
         Total |  65377 |  58892 |   6485 |  13597 |   8954 |  57 | 1147.0 |
       Dungeon |  18700 |  15597 |   3103 |   2789 |   2625 |  15 | 1246.7 |
        Temple |     81 |     81 |      0 |      0 |      0 |   1 |   81.0 |
          Lair |   9734 |   8939 |    795 |   3533 |   1188 |   5 | 1946.8 |
         Swamp |   2907 |   2727 |    180 |    247 |   1009 |   4 |  726.8 |
     Snake Pit |   4217 |   4105 |    112 |    158 |   1435 |   4 | 1054.2 |
    Slime Pits |   6280 |   6212 |     68 |   4360 |    174 |   5 | 1256.0 |
  Orcish Mines |   1891 |   1351 |    540 |     96 |    350 |   2 |  945.5 |
   Elven Halls |   3665 |   3371 |    294 |    261 |    683 |   3 | 1221.7 |
        Vaults |   6647 |   5692 |    955 |    452 |   1014 |   4 | 1661.8 |
        Depths |   5215 |   4818 |    397 |    384 |    476 |   4 | 1303.8 |
           Zot |   5528 |   5491 |     37 |   1252 |      0 |   5 | 1105.6 |
         Trove |     75 |     75 |      0 |      0 |      0 |   1 |   75.0 |
      Ice Cave |    376 |    376 |      0 |     63 |      0 |   1 |  376.0 |
         Arena |     55 |     55 |      0 |      0 |      0 |   3 |   18.3 |
               +--------+--------+--------+--------+--------+-----+--------+

Top non-repeatable levels by time:
 Slime:5: 5479 daAuts
  Lair:3: 2704 daAuts
  Lair:4: 2336 daAuts
    D:13: 2301 daAuts
  Lair:5: 2131 daAuts
  Lair:2: 2097 daAuts
    D:10: 2033 daAuts
     D:9: 1968 daAuts
Vaults:1: 1967 daAuts
Vaults:2: 1735 daAuts
   Elf:3: 1646 daAuts
Vaults:3: 1639 daAuts
Depths:2: 1503 daAuts
    D:11: 1469 daAuts
 Snake:3: 1446 daAuts
